 Dungeon Crawl Stone Soup version 0.21.1-1-g345015fe64 (webtiles) character file.

199761 Torako the Peltast (level 18, -4/119 HPs)
             Began as a Gargoyle Monk on July 21, 2018.
             Was a High Priest of the Shining One.
             Slain by a spark wasp (5 damage)
             ... on level 2 of the Spider Nest.
             The game lasted 02:08:09 (33660 turns).

Torako the Peltast (Gargoyle Monk)                 Turns: 33660, Time: 02:08:10

Health: -4/119     AC: 45    Str: 21    XL:     18   Next: 48%
Magic:  0/28       EV:  7    Int: 13    God:    the Shining One [*****.]
Gold:   2971       SH: 24    Dex: 12    Spells: 17/17 levels left

rFire    + . .     SeeInvis .   D - +9 mace (elec)
rCold    . . .     Gourm    .   N - +2 large shield
rNeg     + + +     Faith    .   f - +7 plate armour "Teecvuda" {rN+}
rPois    ∞         Spirit   +   (helmet restricted)
rElec    +         Reflect  .   u - scarf {repulsion}
rCorr    .         Harm     .   a - +2 pair of gloves
MR       +....                  w - +1 pair of boots {Stlth+}
Stlth    ..........             B - amulet of guardian spirit
HPRegen  0.29/turn              V - +1 ring of protection
MPRegen  0.21/turn              P - +2 ring of protection

@: flying, slowed, glowing, repel missiles, very slow
A: big wings, beak, fire resistance 1, high mp 1, negative energy resistance 1,
electricity resistance, unbreathing, petrification resistance, rot immunity, AC
+13
}: 1/15 runes: decaying
a: Stop Flying, Divine Shield, Cleansing Flame, Summon Divine Warrior, Renounce
Religion


You were on level 2 of the Spider Nest.
You worshipped the Shining One.
The Shining One was extremely pleased with you.
You were very hungry.

You visited 5 branches of the dungeon, and saw 29 of its levels.
You visited the Abyss 1 time.
You also visited: Labyrinth and Ossuary.

You collected 3687 gold pieces.
You spent 716 gold pieces at shops.

Inventory:

Hand Weapons
 D - a +9 mace of electrocution (weapon)
Missiles
 e - 1303 stones (quivered)
Armour
 a - a +2 pair of gloves (worn)
 f - the +7 plate armour "Teecvuda" (worn) {rN+}
   (You found it in a labyrinth)

   It protects you from negative energy.
 u - a scarf of repulsion (worn)
 w - a +1 pair of boots of stealth (worn)
 L - a +5 shield
 N - a +2 large shield (worn)
 U - a scarf of spirit shield
Jewellery
 b - a +4 ring of intelligence
 d - an uncursed amulet of faith
 i - a +2 ring of dexterity
 k - an uncursed ring of ice
 r - an uncursed ring of protection from cold
 B - an amulet of guardian spirit (around neck)
 I - an uncursed ring of protection from fire
 M - an uncursed ring of protection from magic
 P - a +2 ring of protection (right hand)
 S - an uncursed ring of protection from cold
 T - an uncursed ring of see invisible
 V - a +1 ring of protection (left hand)
 X - an uncursed ring of fire
Wands
 g - a wand of digging (17)
 A - a wand of flame (148)
 F - a wand of paralysis (27)
 W - a wand of iceblast (11)
 Y - a wand of acid (8)
Scrolls
 l - a scroll of fear
 m - 3 scrolls of magic mapping
 n - 8 scrolls of amnesia
 o - 7 scrolls of teleportation
 s - 5 scrolls of blinking
 v - 24 scrolls of identify
 y - 14 scrolls of remove curse
 E - 9 scrolls of fog
 J - a scroll of enchant weapon
Potions
 h - 12 potions of curing
 j - 6 potions of agility
 p - 3 potions of brilliance
 q - a potion of ambrosia
 z - 5 potions of haste
 C - 8 potions of might
 K - 4 potions of cancellation
 O - 3 potions of berserk rage
 R - a potion of magic
Books
 x - a book of Maledictions

   Spells                             Type                      Level
   a - Corona                         Hexes                        1
   b - Ensorcelled Hibernation        Hexes/Ice                    2
   c - Confuse                        Hexes                        3
   d - Tukima's Dance                 Hexes                        3
   e - Dazzling Spray                 Conjuration/Hexes            3
 Q - a book of Flames

   Spells                             Type                      Level
   a - Flame Tongue                   Conjuration/Fire             1
   b - Throw Flame                    Conjuration/Fire             2
   c - Conjure Flame                  Conjuration/Fire             3
   d - Inner Flame                    Hexes/Fire                   3
   e - Sticky Flame                   Conjuration/Fire             4
   f - Fireball                       Conjuration/Fire             5
Miscellaneous
 H - a phantom mirror
 Z - a lightning rod (4/4)
Comestibles
 c - 48 rations


   Skills:
 + Level 15.4 Fighting
   Level 3.3 Long Blades
 + Level 16.7 Maces & Flails
 + Level 12.6 Armour
 + Level 4.4 Dodging
 - Level 3.0 Stealth
 + Level 18.7 Shields
 + Level 10.7 Invocations
 + Level 1.2 Evocations


You had 17 spell levels left.
You didn't know any spells.

Dungeon Overview and Level Annotations

Branches:
Dungeon (15/15)            Temple (0/1) D:5            Lair (6/6) D:9
  Swamp (4/4) Lair:2       Spider (2/4) Lair:4        Slime (0/5) Lair:5
    Orc (2/2) D:10            Elf (0/3) Orc:2        Vaults (0/5) D:14
 Depths (0/5) D:15

Altars:
Ashenzari
Cheibriados
Elyvilon
Fedhas
Gozag
Kikubaaqudgha
Makhleb
Qazlal
Ru
Trog
Uskayaw
Vehumet
Xom
Yredelemnul
The Shining One
Beogh
Jiyva

Shops:
D:6 (   D:12 [   D:14 *   Orc:2 ((!!}

Portals:
Trove: D:10 (give +6 demon whip)

Annotations:
D:12 exclusion: 2 obsidian statues


Innate Abilities, Weirdness & Mutations

You are resistant to torment.
Your stone body is resilient. (AC +13)
You are immune to poison.
Your large and strong wings let you fly indefinitely.
You resist negative energy. (rN+)
You are resistant to electric shocks. (rElec)
You can survive without breathing.
You are immune to petrification.
You are immune to rotting.
You have a beak for a mouth.
Your flesh is heat resistant. (rF+)
You have an increased reservoir of magic. (+10% MP)


Message History

The ghost moth hits you but does no damage.
The ghost moth hits you.
* * * LOW HITPOINT WARNING * * *
The ghost moth stings you but does no damage.
The spark wasp stings you but does no damage.
The jumping spider pounces on you but does no damage.
The jumping spider bites you but does no damage.
Okay, then.
That item cannot be evoked!
Drop what? 50/52 slots (_ for help) (? for menu, Esc to quit)
Okay, then.
You hit the jumping spider.
The jumping spider is lightly wounded.
The wolf spider hits you but does no damage.
The wolf spider bites you.
* * * LOW HITPOINT WARNING * * *
The spark wasp stings you!
* * * LOW HITPOINT WARNING * * *
The spark wasp shocks you. You resist.
You die...

......^.............≈≈
...>............>.....
.............#.......##
......#...............#
.....#...............#
....................≈#
....#.......#..ws.#
...≈≈#^#.....ssyss#
#.########.####y@## ###
####


You could see a ghost moth (invisible), a spark wasp, a torpor snail, a wolf
spider, 2 jumping spiders and 2 redbacks.

Vanquished Creatures
  the Lernaean hydra (Swamp:4)
  Nikola (Swamp:4)
  The ghost of GreeedyOne the Severer, an adept FoFi of Uskayaw (Swamp:1)
  A tengu reaver (D:15)
  Agnes (D:15)
  2 thorn hunters
  2 storm dragons (D:15)
  An emperor scorpion (Spider:1)
  2 frost giants (D:15)
  Louise (D:15)
  The ghost of originalK the Severer, a journeyman HOFi of Beogh (D:15)
  A stone giant (Orc:2)
  Snorg (D:14)
  The ghost of Gunterle the Carver, a journeyman OpFi of Dithmenos (D:12)
  The ghost of lis82 the Severer, a journeyman GrFi of Okawaru (D:15)
  A blizzard demon (Abyss:3)
  A minotaur (Lab)
  4 vault guards (D:14)
  A fire dragon (D:15)
  Josephine (Orc:1)
  A deep elf high priest (D:15)
  The ghost of originalK the Carver, a journeyman HOFi of the Shining One (Orc:1)
  A rakshasa (Abyss:3)
  An ice dragon (D:15)
  27 hydras
  Fannar (Lair:3)
  Harold (Lair:4)
  A ghost crab (Swamp:3)
  4 alligators
  The ghost of Torako the Carver, a novice MiMo of Okawaru (Orc:2)
  6 centaur warriors (D:15)
  11 two-headed ogres
  8 death yaks
  2 ogre magi
  A tengu warrior (D:15)
  A thrashing horror (Abyss:3)
  The ghost of Gunterle the Carver, a novice OpFi of Dithmenos (D:9)
  Sonja (D:15)
  A sun demon (Abyss:3)
  A sixfirhy (Abyss:3)
  A wretched star (Abyss:3)
  2 skeletal warriors
  9 swamp dragons
  9 unseen horrors
  A spriggan druid (Swamp:2)
  2 wizards
  3 deep elf archers (D:15)
  Pikel (D:6)
  A wolf spider zombie (D:15)
  2 shambling mangroves
  A harpy (D:15)
  11 wolf spiders (Spider:1)
  7 orb spiders (Spider:1)
  9 orc sorcerers (Orc:2)
  3 deep elf magi
  9 ugly things
  An orc knight (D:14)
  4 centaur zombies
  3 elephants (Lair:6)
  3 cyclopes
  4 manticores
  A moth of wrath (Spider:1)
  Maurice (D:12)
  5 black mambas
  A torpor snail (Spider:1)
  An apocalypse crab (Abyss:3)
  A smoke demon (Abyss:3)
  4 centaur skeletons
  3 gargoyles (D:15)
  20 spiny frogs
  3 demonic crawlers
  A freezing wraith (D:15)
  3 yaktaurs
  8 komodo dragons
  2 kobold demonologists
  3 efreet
  An ancient zyme (Abyss:3)
  7 jumping spiders (Spider:1)
  A meliai (D:12)
  5 tyrant leeches
  A wolf spider simulacrum (D:13)
  7 trolls
  15 hornets
  6 polar bears
  13 blink frogs
  7 slime creatures
  12 bog bodies
  The ghost of SlightEye the Sneak, an amateur OpEn (D:3)
  11 hippogriffs
  5 dream sheep
  2 meliai zombies (D:13)
  30 redbacks
  2 ynoxinuls (Abyss:3)
  7 tarantellas (Spider:1)
  51 yaks
  22 spriggans
  7 wraiths
  A tarantella (shapeshifter) (D:14)
  3 wyverns
  A human (shapeshifter) (D:15)
  2 shadows (D:15)
  17 vampire mosquitoes
  5 basilisks
  A hungry ghost (D:12)
  5 large abominations
  3 insubstantial wisps (Swamp:1)
  An acid dragon (D:15)
  22 swamp worms
  9 water moccasins
  7 porcupines
  2 ice beasts
  10 orc warriors
  6 sky beasts
  2 eyes of draining
  3 small abominations
  3 black bears (Lair:6)
  4 slaves (D:6)
  2 phantoms
  A hornet zombie (D:14)
  11 swamp drakes
  8 ogres
  4 boggarts (Lair:6)
  25 wolves
  14 crocodiles
  5 centaurs
  7 big kobolds
  20 bullfrogs
  2 gnoll sergeants (D:8)
  A wyvern zombie (D:15)
  A water moccasin zombie (D:5)
  A wyvern skeleton (D:10)
  15 killer bees
  2 scorpions
  14 wights
  6 electric eels
  8 crimson imps
  A starcursed mass (Abyss:2)
  A jelly (D:5)
  30 orc wizards
  Crazy Yiuf (D:6)
  10 orc priests
  9 hounds
  2 iron imps
  2 iguanas
  7 worker ants
  A hell rat (D:9)
  A killer bee zombie (D:5)
  8 mummies (Ossuary)
  4 worker ant zombies
  A howler monkey skeleton (D:4)
  15 gnolls
  9 adders
  2 river rats (D:9)
  2 shadow imps
  2 oozes
  2 adder skeletons (D:5)
  2 worms (D:3)
  2 dart slugs (D:2)
  7 leopard geckos
  47 orcs
  6 giant cockroaches
  2 goblins
  9 hobgoblins
  14 jackals
  19 kobolds
  6 quokkas
  3 ball pythons
  9 bats
  7 frilled lizards
  A gnoll zombie (Ossuary)
  2 hobgoblin zombies (Ossuary)
  A jackal skeleton (D:4)
  2 kobold zombies (Ossuary)
  3 orc zombies (Ossuary)
  7 rats
  A lurking horror (Abyss:3)
  3 plants
971 creatures vanquished.

Vanquished Creatures (collateral kills)
  A sphinx (D:15)
  2 storm dragons (D:15)
  2 death knights
  2 centaur warriors (D:15)
  A phantasmal warrior (D:14)
  A swamp dragon (Swamp:4)
  A manticore (D:12)
  2 centaur skeletons (D:15)
  A freezing wraith (D:14)
  A queen bee (shapeshifter) (D:15)
  A slime creature (D:15)
  A bog body (Swamp:4)
  A hippogriff (Lair:3)
  A swamp drake (Swamp:4)
  A centaur (D:15)
19 creatures vanquished.

Vanquished Creatures (others)
  A jumping spider (Spider:1)
  A tyrant leech (Swamp:4)
  2 bog bodies (Swamp:4)
  A redback (Spider:1)
  A swamp drake (Swamp:4)
  A white imp (Abyss:3)
  An orc (Orc:1)
  2 bushes (Swamp:4)
  22 fungi
  9 plants
  10 starspawn tentacles (Abyss:3)
51 creatures vanquished.

Grand Total: 1041 creatures vanquished

Notes
Turn   | Place    | Note
-------+----------+-------------------------------------------
     0 | D:1      | Torako the Gargoyle Monk began the quest for the Orb.
     0 | D:1      | Reached XP level 1. HP: 14/14 MP: 1/1
   163 | D:1      | Reached XP level 2. HP: 17/19 MP: 2/2
   570 | D:1      | Reached XP level 3. HP: 23/23 MP: 3/3
   586 | D:1      | Reached skill level 1 in Maces & Flails
   893 | D:2      | Found a sacrificial altar of Ru.
   969 | D:2      | Found a bloodstained altar of Trog.
   989 | D:2      | Reached XP level 4. HP: 20/28 MP: 4/4
  1527 | D:2      | Found a glowing golden altar of the Shining One.
  1532 | D:2      | Became a worshipper of the Shining One
  1532 | D:2      | Reached * piety under the Shining One
  1532 | D:2      | Reached ** piety under the Shining One
  1606 | D:2      | Found a basalt altar of Yredelemnul.
  1967 | D:3      | Found a blossoming altar of Fedhas.
  2084 | D:3      | Reached XP level 5. HP: 32/32 MP: 5/5
  2133 | D:3      | Found a bloodstained altar of Trog.
  2190 | D:3      | Noticed SlightEye's ghost (amateur OpEn)
  2203 | D:3      | Killed SlightEye's ghost
  2203 | D:3      | Reached skill level 5 in Maces & Flails
  2203 | D:3      | Reached XP level 6. HP: 29/37 MP: 6/6
  2832 | D:4      | Found a stormy altar of Qazlal.
  2945 | D:4      | Noticed a phantom
  2998 | D:4      | Killed a phantom
  2998 | D:4      | Reached skill level 1 in Armour
  2998 | D:4      | Reached XP level 7. HP: 30/41 MP: 7/7
  3075 | D:4      | Found a shattered altar of Ashenzari.
  3366 | D:5      | Entered Level 5 of the Dungeon
  3679 | D:5      | Found a radiant altar of Vehumet.
  3700 | D:5      | Found a burning altar of Makhleb.
  3700 | D:5      | Noticed a cacodemon
  3703 | D:5      | Noticed a neqoxec
  3703 | D:5      | Noticed a neqoxec
  4065 | D:5      | Reached XP level 8. HP: 48/48 MP: 8/8
  4110 | D:5      | Reached *** piety under the Shining One
  4128 | D:5      | Found a staircase to the Ecumenical Temple.
  4501 | D:6      | Found a shimmering altar of Xom.
  4670 | D:6      | Found a white marble altar of Elyvilon.
  4700 | D:6      | Found Edytusin's Antique Weapon Emporium.
  5004 | D:6      | Found a runed door.
  5487 | D:6      | Noticed Pikel
  5519 | D:6      | Killed Pikel
  5519 | D:6      | Reached skill level 5 in Fighting
  5519 | D:6      | Reached XP level 9. HP: 42/54 MP: 9/9
  5752 | D:6      | Noticed Crazy Yiuf
  5762 | D:6      | Killed Crazy Yiuf
  5854 | D:7      | Reached skill level 1 in Invocations
  6198 | D:7      | Found a sand-covered staircase.
  6204 | Ossuary  | Entered an ossuary
  6217 | Ossuary  | Reached **** piety under the Shining One
  6477 | D:7      | Found an ancient bone altar of Kikubaaqudgha.
  6769 | D:7      | Found a snail-covered altar of Cheibriados.
  6990 | D:7      | Reached skill level 5 in Armour
  7136 | D:8      | Reached ***** piety under the Shining One
  7161 | D:8      | Reached skill level 10 in Maces & Flails
  7359 | D:8      | Noticed a three-headed hydra
  7374 | D:8      | Reached XP level 10. HP: 56/61 MP: 12/12
  7386 | D:8      | Killed a three-headed hydra
  7661 | D:8      | Noticed a two-headed ogre
  7670 | D:8      | Killed a two-headed ogre
  7811 | D:8      | Reached skill level 5 in Invocations
  8016 | D:9      | Noticed Gunterle's ghost (novice OpFi)
  8042 | D:9      | Killed Gunterle's ghost
  8042 | D:9      | Reached skill level 1 in Evocations
  8042 | D:9      | Reached XP level 11. HP: 64/68 MP: 14/14
  8272 | D:9      | Noticed a death yak
  8272 | D:9      | Found a staircase to the Lair.
  8272 | D:9      | Noticed a death yak
  8272 | D:9      | Noticed a death yak
  8436 | D:9      | HP: 3/68 [death yak (12)]
  8464 | D:9      | Killed a death yak
  8507 | D:10     | Entered Level 10 of the Dungeon
  8590 | D:10     | Noticed a two-headed ogre
  8602 | D:10     | Killed a two-headed ogre
  8602 | D:10     | Reached skill level 1 in Shields
  8686 | D:10     | Killed a death yak
  8692 | D:10     | Killed a death yak
  9483 | D:9      | Found a hide-covered altar of Uskayaw.
  9735 | D:10     | Reached skill level 2 in Shields
 10014 | D:10     | Found a staircase to the Orcish Mines.
 10104 | D:10     | Noticed a two-headed ogre
 10118 | D:10     | Killed a two-headed ogre
 10148 | D:10     | Found a portal to a secret trove of treasure.
 10537 | D:11     | Noticed a two-headed ogre
 10556 | D:11     | Killed a two-headed ogre
 10658 | D:11     | Reached XP level 12. HP: 54/76 MP: 14/16
 10675 | D:11     | Got a slimy leather armour
 10686 | D:11     | Identified the +1 leather armour "Qioddaow" {rElec} (You found it on level 11 of the Dungeon)
 11035 | D:11     | Gained mutation: Armour fits poorly on your strangely shaped body. [potion of mutation]
 11035 | D:11     | Gained mutation: You have a pair of small horns on your head. [potion of mutation]
 11035 | D:11     | Gained mutation: You are partially covered in yellow scales. (AC +2) [potion of mutation]
 11429 | D:12     | Noticed Gunterle's ghost (journeyman OpFi)
 11434 | D:12     | Noticed a two-headed ogre
 11448 | D:12     | Killed Gunterle's ghost
 11456 | D:12     | Killed a two-headed ogre
 11459 | D:12     | Noticed Maurice
 11488 | D:12     | Killed Maurice
 11493 | D:12     | Noticed a two-headed ogre
 11509 | D:12     | Reached skill level 3 in Shields
 11517 | D:12     | Killed a two-headed ogre
 11552 | D:12     | Reached skill level 4 in Shields
 11601 | D:12     | Found Qaz Quel's Antique Armour Emporium.
 11797 | D:12     | Reached skill level 10 in Fighting
 11804 | D:12     | Noticed a two-headed ogre
 11917 | D:12     | Killed a two-headed ogre
 12164 | D:12     | Noticed a six-headed hydra
 12177 | D:12     | Killed a six-headed hydra
 12177 | D:12     | Reached skill level 5 in Shields
 12481 | D:12     | Reached skill level 6 in Shields
 12491 | D:12     | Reached XP level 13. HP: 83/83 MP: 15/18
 12536 | D:12     | Lost mutation: Armour fits poorly on your strangely shaped body. [potion of mutation]
 12536 | D:12     | Lost mutation: You have a pair of small horns on your head. [potion of mutation]
 12536 | D:12     | Lost mutation: You are partially covered in yellow scales. (AC +2) [potion of mutation]
 12536 | D:12     | Gained mutation: You have an increased reservoir of magic. (+10% MP) [potion of mutation]
 12536 | D:12     | Gained mutation: You are partially covered in icy blue scales. (AC +2) [potion of mutation]
 12536 | D:12     | Gained mutation: You passively map a small area around you. [potion of mutation]
 12706 | Lair:1   | Entered Level 1 of the Lair of Beasts
 13113 | Lair:1   | Reached skill level 7 in Shields
 13585 | Lair:2   | Found a staircase to the Swamp.
 14426 | Lair:3   | Reached skill level 8 in Shields
 15096 | Lair:3   | Noticed Fannar
 15128 | Lair:3   | Killed Fannar
 15389 | Lair:3   | Reached skill level 9 in Shields
 15806 | Lair:4   | Noticed Harold
 15828 | Lair:4   | Killed Harold
 15831 | Lair:4   | Lost mutation: You passively map a small area around you. [potion of mutation]
 15831 | Lair:4   | Lost mutation: You are partially covered in icy blue scales. (AC +2) [potion of mutation]
 15831 | Lair:4   | Gained mutation: Your flesh is heat resistant. (rF+) [potion of mutation]
 15831 | Lair:4   | Gained mutation: You have a beak for a mouth. [potion of mutation]
 15832 | Lair:4   | Found a hole to the Spider Nest.
 15840 | Lair:4   | Got an encrusted quarterstaff
 15995 | Lair:4   | Gained mutation: Your large and strong wings let you fly indefinitely. [Gargoyle growth]
 15995 | Lair:4   | Reached XP level 14. HP: 91/91 MP: 21/21
 16010 | Lair:4   | Reached skill level 10 in Shields
 16625 | Lair:5   | Found a viscous altar of Jiyva.
 16625 | Lair:5   | Found a staircase to the Slime Pits.
 16675 | Lair:5   | Reached skill level 15 in Maces & Flails
 16789 | Lair:5   | Found a labyrinth entrance.
 16798 | Lab      | Entered a labyrinth
 17558 | Lab      | Got a bloodstained plate armour
 17558 | Lab      | Got a warped plate armour
 17577 | Lair:5   | Identified the +7 plate armour "Teecvuda" {rN+} (You found it in a labyrinth)
 17587 | Lair:5   | Identified the cursed +1 plate armour of Foihued {Slay+3} (You found it in a labyrinth)
 18060 | Lair:6   | Entered Level 6 of the Lair of Beasts
 18078 | Lair:6   | Reached skill level 11 in Shields
 19107 | Lair:6   | Reached skill level 12 in Shields
 19804 | Lair:6   | Reached skill level 10 in Armour
 20281 | Orc:1    | Entered Level 1 of the Orcish Mines
 20297 | Orc:1    | Noticed originalK's ghost (journeyman HOFi)
 20319 | D:10     | Reached XP level 15. HP: 82/98 MP: 18/22
 20415 | Orc:1    | Killed originalK's ghost
 20510 | Orc:2    | Entered Level 2 of the Orcish Mines
 20510 | Orc:2    | Noticed Josephine
 20516 | Orc:2    | Noticed Torako's ghost (novice MiMo)
 20531 | Orc:1    | Killed Josephine
 20634 | Orc:2    | Killed Torako's ghost
 20652 | Orc:2    | Found a roughly hewn altar of Beogh.
 21009 | Orc:2    | Found Elomyvi's Distillery.
 21015 | Orc:2    | Bought a potion of curing for 39 gold pieces
 21015 | Orc:2    | Bought a potion of agility for 52 gold pieces
 21015 | Orc:2    | Bought 2 potions of might for 104 gold pieces
 21015 | Orc:2    | Bought 2 potions of curing for 78 gold pieces
 21017 | Orc:2    | Found a staircase to the Elven Halls.
 21174 | Orc:2    | Reached ****** piety under the Shining One
 21196 | Orc:2    | Paralysed by an orc sorcerer for 7 turns
 21231 | Orc:2    | Found Kienoitt's Distillery.
 21309 | Orc:2    | Bought a potion of might for 64 gold pieces
 21309 | Orc:2    | Bought a potion of berserk rage for 80 gold pieces
 21309 | Orc:2    | Bought a potion of might for 64 gold pieces
 21309 | Orc:2    | Bought a potion of curing for 48 gold pieces
 21340 | Orc:2    | Found an ancient bone altar of Kikubaaqudgha.
 21371 | Orc:2    | Reached skill level 13 in Shields
 21421 | Orc:2    | Found a roughly hewn altar of Beogh.
 21421 | Orc:2    | Found Wasmil's Antique Weapon Shoppe.
 21439 | Orc:2    | Found Riluseh's Antique Weapon Emporium.
 21491 | Orc:2    | Found Syppaic's Gadget Emporium.
 21530 | Orc:2    | Found a radiant altar of Vehumet.
 23135 | D:14     | Noticed Snorg
 23158 | D:14     | HP: 3/99 [ogre mage/bolt of cold (28)]
 23668 | D:14     | Killed Snorg
 23988 | D:14     | Found Pacushra's General Store.
 23991 | D:14     | Bought a scroll of enchant weapon for 112 gold pieces
 23991 | D:14     | Bought a potion of heal wounds for 75 gold pieces
 24005 | D:14     | Found an opulent altar of Gozag.
 24050 | D:14     | Reached skill level 14 in Shields
 24124 | D:14     | Found a gate to the Vaults.
 24207 | D:15     | Entered Level 15 of the Dungeon
 24305 | D:15     | Noticed Agnes
 24325 | D:15     | Killed Agnes
 24388 | D:15     | Reached XP level 16. HP: 99/105 MP: 23/25
 24423 | D:15     | Noticed originalK's ghost (journeyman HOFi)
 24467 | D:15     | Killed originalK's ghost
 24501 | D:15     | Noticed Louise
 24558 | D:15     | Cast into level 2 of the Abyss (Louise)
 24763 | Abyss:2  | Paralysed by accursed screaming for 1 turns
 24766 | Abyss:2  | Paralysed by accursed screaming for 1 turns
 25156 | Abyss:3  | Noticed a tentacled starspawn
 25201 | Abyss:3  | Found a deep blue altar of Sif Muna.
 25276 | Abyss:3  | Paralysed by accursed screaming for 1 turns
 25433 | D:15     | Escaped the Abyss
 25457 | D:15     | Killed Louise
 25772 | D:15     | Found a staircase to the Depths.
 25833 | D:15     | Found a white marble altar of Elyvilon.
 25834 | D:15     | Found a shimmering altar of Xom.
 25834 | D:15     | Found a shattered altar of Ashenzari.
 25848 | D:15     | Noticed lis82's ghost (journeyman GrFi)
 25884 | D:15     | Killed lis82's ghost
 25967 | D:15     | Reached skill level 15 in Shields
 26094 | D:15     | Reached skill level 10 in Invocations
 26485 | D:15     | Noticed a tengu reaver
 26516 | D:15     | Killed a tengu reaver
 26609 | D:15     | Noticed Sonja
 26661 | D:15     | Killed Sonja
 26681 | D:15     | Noticed a storm dragon
 26724 | D:15     | Killed a storm dragon
 26724 | D:15     | Reached skill level 16 in Shields
 26730 | D:15     | HP: 1/107 [ice dragon/blast of cold (36)]
 27218 | D:15     | Noticed a storm dragon
 27245 | D:15     | Killed a storm dragon
 27539 | D:15     | Reached XP level 17. HP: 112/112 MP: 19/27
 27540 | D:15     | Noticed a sphinx
 27554 | D:15     | Killed a sphinx
 28202 | Swamp:1  | Entered Level 1 of the Swamp
 28361 | Swamp:1  | Noticed GreeedyOne's ghost (adept FoFi)
 28435 | Swamp:1  | Killed GreeedyOne's ghost
 28667 | Swamp:1  | Got a pair of faintly humming gloves
 28678 | Swamp:1  | Identified the +1 pair of gloves of Minor Irritation {Stlth+} (You found it on level 1 of the Swamp)
 29594 | Swamp:2  | Reached skill level 17 in Shields
 30062 | Swamp:3  | Found a shimmering altar of Xom.
 30686 | Swamp:4  | Entered Level 4 of the Swamp
 30862 | Swamp:4  | Reached skill level 15 in Fighting
 31331 | Swamp:4  | Reached XP level 18. HP: 59/119 MP: 19/28
 31377 | Swamp:4  | Noticed Nikola
 31427 | Swamp:4  | Killed Nikola
 31427 | Swamp:4  | Reached skill level 18 in Shields
 31539 | Swamp:4  | Noticed the 27-headed Lernaean hydra
 31716 | Swamp:4  | Killed the 27-headed Lernaean hydra
 31726 | Swamp:4  | Got a decaying rune of Zot
 32276 | Spider:1 | Entered Level 1 of the Spider Nest
 33660 | Spider:2 | HP: 1/119 [spark wasp (9)]
 33660 | Spider:2 | Slain by a spark wasp

Skill      XL: |  1  2  3  4  5  6  7  8  9 10 11 12 13 14 15 16 17 18 |
---------------+-------------------------------------------------------+-----
Long Blades    | 3 |  3.3
Maces & Flails | 2 3 5 6 7 9 10 11 12 14 15 16 | 16.7
Armour         | 1 2 4 5 6 8 9 10 11 12 | 12.6
Fighting       | 4 5 6 7 9 10 11 13 14 15 | 15.4
Dodging        | 3 4 |  4.4
Invocations    | 3 5 6 7 9 10 | 10.7
Evocations     | 1 |  1.2
Shields        | 2 6 9 12 14 16 17 18 | 18.7
Stealth        | 3 |  3.0

Action                   |  1- 3 |  4- 6 |  7- 9 | 10-12 | 13-15 | 16-18 || total
-------------------------+-------+-------+-------+-------+-------+-------++-------
Melee: Falchion          |    45 |       |       |       |       |       ||    45
       Whip              |   102 |   225 |   417 |       |       |       ||   744
       Mace              |       |       |   277 |   844 |  2187 |  1845 ||  5153
       Headbutt          |       |       |       |    43 |     2 |       ||    45
       Peck              |       |       |       |       |   354 |   442 ||   796
Throw: Javelin           |       |       |       |       |     4 |       ||     4
Invok: Divine Shield     |       |       |     2 |     9 |    10 |    18 ||    39
       Cleansing Flame   |       |       |       |     3 |       |     4 ||     7
       Summon Divine War |       |       |       |     1 |     1 |     5 ||     7
 Abil: Fly               |       |       |       |       |     2 |       ||     2
       Stop Flying       |       |       |       |       |     1 |       ||     1
Evoke: Wand              |       |       |     1 |     5 |       |       ||     6
  Use: Scroll            |       |     2 |    21 |     6 |    13 |     9 ||    51
       Potion            |       |       |       |    14 |     5 |     7 ||    26
  Eat: Chunk             |       |     6 |    13 |    13 |    34 |    25 ||    91
       Ration            |       |       |     1 |     2 |     2 |     3 ||     8
Armor: Robe              |    29 |       |       |       |       |       ||    29
       Ring mail         |    65 |    79 |   206 |       |       |       ||   350
       Plate armour      |       |       |   178 |   483 |   895 |  1244 ||  2800
       Leather armour    |       |       |       |   128 |       |       ||   128
       Troll leather arm |       |       |       |    15 |   314 |       ||   329
Dodge: Dodged            |   151 |    87 |   321 |   370 |   579 |   391 ||  1899
       Deflected         |       |       |    12 |     7 |     8 |    14 ||    41
Block: Other             |       |       |    22 |    24 |       |       ||    46
       Shield            |       |       |       |   179 |  1787 |   286 ||  2252
       Large shield      |       |       |       |       |       |  1971 ||  1971
       Rpst.: Falchion   |    25 |       |       |       |       |       ||    25
